Lightning vs Canadiens

Created - 30 octobre 2017 at 17:20

Goals
1 2 3 T
Lightning 0 0 2 2
Canadiens 3 0 2 5
Shots
1 2 3 T
Lightning 5 10 12 27
Canadiens 13 8 13 34

1st period

1. Canadiens , Cam Fowler 4 (Auston Matthews 8, John Tavares 9) at 2:47 (PP)
2. Canadiens , John Tavares 7 (Gustav Nyquist 6, Ivan Provorov 8) at 7:07
3. Canadiens , Zack Smith 4 (Justin Abdelkader 2, Cam Fowler 8) at 7:33

Penalties :
Tobias Rieder (TBL) for Diving (Minor) at 1:18, Tobias Rieder (TBL) for Tripping (Minor) at 2:54

2nd period

No Goal

Penalties :
Trevor Daley (TBL) for High sticking (Minor) at 2:00, Ian Cole (MTL) for Holding (Minor) at 7:45, Kyle Quincey (TBL) for Delaying the game (Minor) at 14:48, Jakob Silfverberg (MTL) for Hooking (Minor) at 18:32, Henrik Zetterberg (TBL) for Tripping (Minor) at 18:32

3rd period

4. Canadiens , Gustav Nyquist 7 (John Tavares 10, Brayden McNabb 3) at 5:18
5. Canadiens , Jakob Silfverberg 5 (Auston Matthews 9, Ivan Provorov 9) at 9:09
6. Lightning , Teddy Purcell 2 (Vernon Fiddler 4) at 16:28
7. Lightning , Matt Hendricks 3 (Andrej Sekera 11, Trevor Daley 4) at 18:33

Penalties :
Kevin Klein (TBL) for Hooking (Minor) at 9:24, Brayden McNabb (MTL) for Hooking (Minor) at 11:35

Goalie Stats

Kari Lehtonen (TBL), 29 saves from 34 shots - (0.853), L, 9-4-0, 60:00 minutes
Cam Talbot (MTL), 25 saves from 27 shots - (0.926), W, 9-2-0, 60:00 minutes

Players Stats for Lightning

Player Name              G  A  P  +/- PIM S  H  SB GA TA FO     MP     PP MP  PK MP  
------------------------------------------------------------------------------------
Andrej Sekera            0  1  1   0  0   1  0  3  0  0  0/0    19:43   1:47   0:53 
Dennis Wideman           0  0  0   0  0   1  0  4  0  0  0/0    18:48   0:00   4:18 
Erik Gudbranson          0  0  0   0  0   0  2  3  0  0  0/0    19:42   0:00   4:36 
Henrik Sedin             0  0  0  -1  0   3  0  0  0  0  15/25  20:50   1:30   4:22 
Henrik Zetterberg        0  0  0  -1  2   3  3  0  0  0  2/2    19:38   2:28   2:13 
Jeff Carter              0  0  0  -2  0   2  0  1  0  0  14/20  20:18   2:28   0:00 
Johnny Gaudreau          0  0  0  -2  0   5  0  0  0  0  0/1    19:17   1:30   0:44 
Justin Bailey            0  0  0   1  0   0  0  0  0  0  0/0     4:31   0:00   0:00 
Kevin Klein              0  0  0  -2  2   0  1  3  0  0  0/0    17:34   2:11   1:43 
Kyle Quincey             0  0  0  -2  2   4  1  2  0  0  0/0    19:42   2:11   3:53 
Matt Hendricks           1  0  1   1  0   3  0  0  0  0  0/0     4:31   0:00   0:00 
Patric Hornqvist         0  0  0  -2  0   1  2  0  0  0  1/1    18:55   2:28   0:00 
Remi Elie                0  0  0   0  0   0  0  0  0  0  0/0     0:00   0:00   0:00 
Teddy Purcell            1  0  1   0  0   2  0  0  0  0  1/1     8:42   0:00   0:00 
Tobias Rieder            0  0  0  -1  4   0  0  0  0  0  0/0    19:28   1:30   3:02 
Trevor Daley             0  1  1   0  2   0  2  2  0  0  0/0    24:28   1:47   3:27 
Troy Brouwer             0  0  0   0  0   2  2  0  0  0  0/1    12:51   0:00   3:33 
Vernon Fiddler           0  1  1   1  0   0  0  0  0  0  24/35  19:32   0:00   4:56 

Players Stats for Canadiens

Player Name              G  A  P  +/- PIM S  H  SB GA TA FO     MP     PP MP  PK MP  
------------------------------------------------------------------------------------
Adam Larsson             0  0  0   1  0   2  0  0  0  0  0/0    23:13   4:17   2:35 
Artturi Lehkonen         0  0  0  -1  0   0  1  0  0  0  0/0     9:54   0:00   0:03 
Auston Matthews          0  2  2   1  0   3  2  0  0  0  5/16   20:38   5:19   0:08 
Brayden McNabb           0  1  1   0  2   1  4  1  0  0  0/0    14:59   0:00   0:36 
Cam Fowler               1  1  2   1  0   3  0  3  0  0  0/0    22:32   5:08   2:09 
Gustav Nyquist           1  1  2   1  0   4  4  0  0  0  0/2    20:52   5:19   0:00 
Ian Cole                 0  0  0   1  2   2  2  0  0  0  0/0    16:38   0:00   0:47 
Ivan Provorov            0  2  2   1  0   0  1  2  0  0  0/0    23:55   5:08   1:49 
Jakob Silfverberg        1  0  1   1  2   5  0  0  0  0  0/1    20:13   4:06   2:03 
John Tavares             1  2  3   1  0   4  3  0  0  0  12/28  20:39   5:19   0:00 
Jordan Eberle            0  0  0   1  0   3  2  0  0  0  1/2    19:04   4:06   0:00 
Josh Bailey              0  0  0  -1  0   0  0  0  0  0  0/2     9:51   0:00   0:00 
Justin Abdelkader        0  1  1   1  0   0  1  0  0  0  1/2     8:07   0:00   1:52 
Mike Ribeiro             0  0  0  -1  0   0  0  0  0  0  5/20   13:57   4:06   0:00 
Nate Schmidt             0  0  0   0  0   1  0  0  0  0  0/0    18:41   4:17   0:00 
Nick Shore               0  0  0   1  0   1  0  0  0  0  4/8     8:07   0:00   1:52 
Teuvo Teravainen         0  0  0   1  0   3  0  0  0  0  0/0    14:27   0:00   0:00 
Zack Smith               1  0  1   1  0   2  0  0  0  0  1/5     8:13   0:00   1:58 

3 Stars

1 - John Tavares (MTL)
2 - Gustav Nyquist (MTL)
3 - Cam Fowler (MTL)

Power Play

Lightning - 0 on 2 Attempt(s) - 0.00%
Canadiens - 1 on 5 Attempt(s) - 20.00%

Penalty Kill

Lightning - 4 on 5 Attempt(s) - 80.00% - Score 0 goal in Penalty Kill
Canadiens - 2 on 2 Attempt(s) - 100.00% - Score 0 goal in Penalty Kill

Team Stat

Lightning - Hits : 13 - Faceoff Wins : 57 - Blocked Shots : 18 - Penalty Minutes : 12
Canadiens - Hits : 20 - Faceoff Wins : 29 - Blocked Shots : 6 - Penalty Minutes : 6

Official

Referees : Jean Hebert and Chris Rooney
Linesman : Trent Knorr and Andy McElman

Game Notes

No Game Note

Finance

Level 1 -- Attendance: 6500 (100.00%) -- Ticket Income 715 000 $
Level 2 -- Attendance: 4551 (91.02%) -- Ticket Income 341 325 $
Level 3 -- Attendance: 3311 (94.60%) -- Ticket Income 182 105 $
Level 4 -- Attendance: 2449 (46.32%) -- Ticket Income 85 715 $
Luxury Box -- Attendance: 972 (97.20%) -- Ticket Income 193 428 $
Game was played at the Bell Centre.
Total Attendance: 17783 (83.54%)
Total Ticket Income: 1 517 573 $
Other Income: 227 636 $
Total Income: 1 745 209 $

% Time on Ice - Lightning

Lines # - Real PCT - Wanted PCT - Time Play
Normal Forward
1 - 37% - 40% - 16:27
2 - 34% - 30% - 14:58
3 - 19% - 20% - 8:42
4 - 10% - 10% - 4:31
Normal Defense
1 - 38% - 40% - 17:03
2 - 27% - 30% - 12:16
3 - 32% - 20% - 14:30
4 - 2% - 10% - 0:49
PP Forward
1 - 62% - 60% - 2:28
2 - 38% - 40% - 1:30
PP Defense
1 - 45% - 60% - 1:47
2 - 55% - 40% - 2:11
PK Forward
1 - 62% - 60% - 5:52
2 - 38% - 40% - 3:33
PK Defense
1 - 54% - 60% - 5:07
2 - 46% - 40% - 4:18
PK3 Forward
1 - 0% - 60%
2 - 0% - 40%
PK3 Defense
1 - 0% - 60%
2 - 0% - 40%
44 Forward
1 - 70% - 60% - 1:23
2 - 30% - 40% - 0:36
44 Defense
1 - 70% - 60% - 1:23
2 - 30% - 40% - 0:36
Last Minute Offensive  - 0:00
Last Minute Defensive  - 0:00
Total
Forward - 60:00
Defense - 60:00

% Time on Ice - Canadiens

Lines # - Real PCT - Wanted PCT - Time Play
Normal Forward
1 - 32% - 35% - 14:27
2 - 32% - 35% - 14:05
3 - 22% - 20% - 9:51
4 - 14% - 10% - 6:15
Normal Defense
1 - 34% - 35% - 15:15
2 - 28% - 30% - 12:36
3 - 30% - 20% - 13:31
4 - 7% - 15% - 3:16
PP Forward
1 - 56% - 60% - 5:19
2 - 44% - 40% - 4:06
PP Defense
1 - 55% - 50% - 5:08
2 - 45% - 50% - 4:17
PK Forward
1 - 53% - 55% - 2:06
2 - 47% - 45% - 1:52
PK Defense
1 - 54% - 60% - 2:09
2 - 46% - 40% - 1:49
PK3 Forward
1 - 0% - 60%
2 - 0% - 40%
PK3 Defense
1 - 0% - 60%
2 - 0% - 40%
44 Forward
1 - 45% - 50% - 0:53
2 - 55% - 50% - 1:06
44 Defense
1 - 55% - 50% - 1:06
2 - 45% - 50% - 0:53
Last Minute Offensive  - 0:00
Last Minute Defensive  - 0:00
Total
Forward - 60:00
Defense - 60:00

Play by Play

1st period


0:01 of 1st period - Jeff Carter wins face-off versus John Tavares in neutral zone.
0:01 of 1st period - Jeff Carter is hit by Gustav Nyquist.
0:11 of 1st period - Shot by Jeff Carter.
0:11 of 1st period - Shot Misses the Net.
0:37 of 1st period - Shot by Teuvo Teravainen.
0:37 of 1st period - Shot Misses the Net.
0:39 of 1st period - Shot by John Tavares.
0:39 of 1st period - Shot Misses the Net.
0:48 of 1st period - Icing by Trevor Daley.
0:49 of 1st period - Jeff Carter wins face-off versus Auston Matthews in Lightning zone.
1:08 of 1st period - Shot by Jordan Eberle.
1:08 of 1st period - Stopped by Kari Lehtonen without a rebound.
1:09 of 1st period - Vernon Fiddler wins face-off versus Mike Ribeiro in Lightning zone.
1:16 of 1st period - Shot by Teddy Purcell.
1:16 of 1st period - Stopped by Cam Talbot without a rebound.
1:17 of 1st period - Justin Abdelkader wins face-off versus Henrik Sedin in Canadiens zone.
1:17 of 1st period - Justin Abdelkader is hit by Henrik Zetterberg.
1:18 of 1st period - Minor Penalty to Tobias Rieder for Diving.
1:19 of 1st period - Vernon Fiddler wins face-off versus John Tavares in Lightning zone.
2:27 of 1st period - Shot by Jordan Eberle.
2:27 of 1st period - Deflect By Jakob Silfverberg.
2:27 of 1st period - Stopped by Kari Lehtonen without a rebound.
2:28 of 1st period - Vernon Fiddler wins face-off versus Mike Ribeiro in Lightning zone.
2:41 of 1st period - Shot by Jakob Silfverberg.
2:41 of 1st period - Stopped by Kari Lehtonen without a rebound.
2:42 of 1st period - John Tavares wins face-off versus Henrik Sedin in Lightning zone.
2:43 of 1st period - Shot by Auston Matthews.
2:43 of 1st period - Stopped by Kari Lehtonen without a rebound.
2:44 of 1st period - John Tavares wins face-off versus Henrik Sedin in Lightning zone.
2:47 of 1st period - Shot by Cam Fowler.
2:47 of 1st period - Goal by Cam Fowler - Lightning : 0 - Canadiens : 1.
2:48 of 1st period - Henrik Sedin wins face-off versus Mike Ribeiro in neutral zone.
2:54 of 1st period - Minor Penalty to Tobias Rieder for Tripping.
2:55 of 1st period - Henrik Zetterberg wins face-off versus John Tavares in Lightning zone.
2:55 of 1st period - Henrik Zetterberg is hit by Gustav Nyquist.
3:55 of 1st period - Shot by Jakob Silfverberg.
3:55 of 1st period - Deflect By Mike Ribeiro.
3:55 of 1st period - Shot Blocked by Dennis Wideman.
3:57 of 1st period - Shot by Jakob Silfverberg.
3:57 of 1st period - Shot Misses the Net.
3:59 of 1st period - Shot by Jakob Silfverberg.
3:59 of 1st period - Shot Misses the Net.
4:01 of 1st period - Shot by Jakob Silfverberg.
4:01 of 1st period - Shot Blocked by Erik Gudbranson.
4:38 of 1st period - Icing by Gustav Nyquist.
4:39 of 1st period - John Tavares wins face-off versus Henrik Sedin in Canadiens zone.
5:04 of 1st period - Shot by Johnny Gaudreau.
5:04 of 1st period - Shot Misses the Net.
5:06 of 1st period - Shot by Johnny Gaudreau.
5:06 of 1st period - Stopped by Cam Talbot with a rebound.
5:14 of 1st period - Shot by Patric Hornqvist.
5:14 of 1st period - Shot Misses the Net.
5:16 of 1st period - Shot by Jeff Carter.
5:16 of 1st period - Shot Misses the Net.
5:22 of 1st period - Shot by Johnny Gaudreau.
5:22 of 1st period - Shot Misses the Net.
5:24 of 1st period - Shot by Jeff Carter.
5:24 of 1st period - Stopped by Cam Talbot without a rebound.
5:25 of 1st period - Henrik Sedin wins face-off versus Mike Ribeiro in Canadiens zone.
5:37 of 1st period - Artturi Lehkonen is hit by Erik Gudbranson and loses puck.
6:51 of 1st period - Shot by Gustav Nyquist.
6:51 of 1st period - Deflect By Teuvo Teravainen.
6:51 of 1st period - Shot Misses the Net.
6:53 of 1st period - Shot by Teuvo Teravainen.
6:53 of 1st period - Shot Misses the Net.
7:05 of 1st period - Shot by John Tavares.
7:05 of 1st period - Shot Misses the Net.
7:07 of 1st period - Shot by John Tavares.
7:07 of 1st period - Goal by John Tavares - Lightning : 0 - Canadiens : 2.
7:08 of 1st period - Nick Shore wins face-off versus Jeff Carter in neutral zone.
7:33 of 1st period - Shot by Justin Abdelkader.
7:33 of 1st period - Deflect By Zack Smith.
7:33 of 1st period - Goal by Zack Smith - Lightning : 0 - Canadiens : 3.
7:34 of 1st period - Vernon Fiddler wins face-off versus John Tavares in neutral zone.
7:46 of 1st period - Shot by Teuvo Teravainen.
7:46 of 1st period - Deflect By John Tavares.
7:46 of 1st period - Stopped by Kari Lehtonen without a rebound.
7:47 of 1st period - Auston Matthews wins face-off versus Vernon Fiddler in Lightning zone.
7:48 of 1st period - Shot by Jakob Silfverberg.
7:48 of 1st period - Shot Misses the Net.
8:11 of 1st period - Shot by Vernon Fiddler.
8:11 of 1st period - Shot Misses the Net.
8:13 of 1st period - Shot by Matt Hendricks.
8:13 of 1st period - Shot Misses the Net.
8:15 of 1st period - Shot by Trevor Daley.
8:15 of 1st period - Shot Blocked by Ivan Provorov.
8:58 of 1st period - Shot by Patric Hornqvist.
8:58 of 1st period - Stopped by Cam Talbot without a rebound.
8:59 of 1st period - John Tavares wins face-off versus Vernon Fiddler in Canadiens zone.
9:16 of 1st period - Shot by Gustav Nyquist.
9:16 of 1st period - Stopped by Kari Lehtonen with a rebound.
9:18 of 1st period - Shot by Adam Larsson.
9:18 of 1st period - Shot Misses the Net.
9:20 of 1st period - Shot by John Tavares.
9:20 of 1st period - Stopped by Kari Lehtonen without a rebound.
9:21 of 1st period - Mike Ribeiro wins face-off versus Henrik Sedin in Lightning zone.
10:11 of 1st period - Icing by Johnny Gaudreau.
10:12 of 1st period - John Tavares wins face-off versus Johnny Gaudreau in Lightning zone.
10:13 of 1st period - Shot by Teuvo Teravainen.
10:13 of 1st period - Shot Blocked by Jeff Carter.
10:21 of 1st period - Shot by Gustav Nyquist.
10:21 of 1st period - Shot Misses the Net.
10:23 of 1st period - Shot by Teuvo Teravainen.
10:23 of 1st period - Shot Misses the Net.
10:31 of 1st period - Shot by Gustav Nyquist.
10:31 of 1st period - Deflect By John Tavares.
10:31 of 1st period - Shot Blocked by Dennis Wideman.
11:18 of 1st period - Shot by Jakob Silfverberg.
11:18 of 1st period - Shot Misses the Net.
11:20 of 1st period - Shot by Ian Cole.
11:20 of 1st period - Stopped by Kari Lehtonen without a rebound.
11:21 of 1st period - Henrik Sedin wins face-off versus Nick Shore in Lightning zone.
11:36 of 1st period - Shot by Nick Shore.
11:36 of 1st period - Shot Misses the Net.
11:47 of 1st period - Henrik Sedin is hit by Brayden McNabb and loses puck.
12:12 of 1st period - Off-side.
12:13 of 1st period - Vernon Fiddler wins face-off versus Mike Ribeiro in neutral zone.
12:32 of 1st period - Icing by Josh Bailey.
12:33 of 1st period - Jeff Carter wins face-off versus Josh Bailey in Canadiens zone.
13:12 of 1st period - Shot by Auston Matthews.
13:12 of 1st period - Shot Blocked by Erik Gudbranson.
13:14 of 1st period - Shot by Ian Cole.
13:14 of 1st period - Stopped by Kari Lehtonen without a rebound.
13:15 of 1st period - Vernon Fiddler wins face-off versus John Tavares in Lightning zone.
13:15 of 1st period - Vernon Fiddler is hit by John Tavares.
14:50 of 1st period - Icing by Erik Gudbranson.
14:51 of 1st period - Auston Matthews wins face-off versus Jeff Carter in Lightning zone.
14:54 of 1st period - Shot by Jordan Eberle.
14:54 of 1st period - Shot Blocked by Dennis Wideman.
14:57 of 1st period - Icing by Dennis Wideman.
14:58 of 1st period - Jeff Carter wins face-off versus Jakob Silfverberg in Lightning zone.
14:58 of 1st period - Jeff Carter is hit by Auston Matthews.
15:06 of 1st period - Icing by Jordan Eberle.
15:07 of 1st period - Vernon Fiddler wins face-off versus Auston Matthews in Canadiens zone.
15:25 of 1st period - Icing by Ivan Provorov.
15:26 of 1st period - Jeff Carter wins face-off versus Auston Matthews in Canadiens zone.
15:26 of 1st period - Jeff Carter is hit by Ian Cole.
15:47 of 1st period - Shot by Jordan Eberle.
15:47 of 1st period - Shot Misses the Net.
16:06 of 1st period - Icing by Jordan Eberle.
16:07 of 1st period - Vernon Fiddler wins face-off versus Jordan Eberle in Canadiens zone.
16:10 of 1st period - Shot by Troy Brouwer.
16:10 of 1st period - Stopped by Cam Talbot without a rebound.
16:11 of 1st period - Vernon Fiddler wins face-off versus Mike Ribeiro in Canadiens zone.
16:12 of 1st period - Shot by Teddy Purcell.
16:12 of 1st period - Shot Misses the Net.
16:14 of 1st period - Shot by Vernon Fiddler.
16:14 of 1st period - Shot Blocked by Cam Fowler.
16:16 of 1st period - Shot by Trevor Daley.
16:16 of 1st period - Shot Blocked by Cam Fowler.
16:42 of 1st period - Cam Fowler is hit by Troy Brouwer and loses puck.
18:13 of 1st period - Gustav Nyquist is hit by Erik Gudbranson and loses puck.
18:56 of 1st period - Justin Bailey is hit by Gustav Nyquist and loses puck.
19:19 of 1st period - Shot by Auston Matthews.
19:19 of 1st period - Stopped by Kari Lehtonen without a rebound.
19:20 of 1st period - Mike Ribeiro wins face-off versus Henrik Sedin in Lightning zone.
19:33 of 1st period - Adam Larsson is hit by Henrik Zetterberg.
19:45 of 1st period - Shot by Henrik Zetterberg.
19:45 of 1st period - Shot Misses the Net.
19:53 of 1st period - Kevin Klein is hit by Artturi Lehkonen and loses puck.
Goals for this period are 0 for Lightning vs 3 for Canadiens.
Shots for this period are 5 for Lightning vs 13 for Canadiens.

2nd period


0:01 of 2nd period - Jeff Carter wins face-off versus Auston Matthews in neutral zone.
0:28 of 2nd period - Jakob Silfverberg is hit by Kevin Klein and loses puck.
0:33 of 2nd period - Shot by Auston Matthews.
0:33 of 2nd period - Deflect By Jakob Silfverberg.
0:33 of 2nd period - Shot Blocked by Kevin Klein.
0:35 of 2nd period - Shot by Jordan Eberle.
0:35 of 2nd period - Shot Misses the Net.
0:37 of 2nd period - Shot by Jakob Silfverberg.
0:37 of 2nd period - Stopped by Kari Lehtonen without a rebound.
0:38 of 2nd period - Vernon Fiddler wins face-off versus John Tavares in Lightning zone.
0:38 of 2nd period - Vernon Fiddler is hit by John Tavares.
0:46 of 2nd period - Shot by Teddy Purcell.
0:46 of 2nd period - Deflect By Troy Brouwer.
0:46 of 2nd period - Shot Misses the Net.
0:58 of 2nd period - Shot by Troy Brouwer.
0:58 of 2nd period - Stopped by Cam Talbot without a rebound.
0:59 of 2nd period - Henrik Sedin wins face-off versus Nick Shore in Canadiens zone.
0:59 of 2nd period - Henrik Sedin is hit by Brayden McNabb.
1:07 of 2nd period - Shot by Justin Abdelkader.
1:07 of 2nd period - Shot Misses the Net.
1:18 of 2nd period - Henrik Zetterberg is hit by Brayden McNabb.
1:56 of 2nd period - Henrik Sedin is hit by Auston Matthews and loses puck.
2:00 of 2nd period - Minor Penalty to Trevor Daley for High sticking.
2:01 of 2nd period - Vernon Fiddler wins face-off versus John Tavares in Lightning zone.
2:16 of 2nd period - Shot by Ivan Provorov.
2:16 of 2nd period - Deflect By Gustav Nyquist.
2:16 of 2nd period - Stopped by Kari Lehtonen with a rebound.
3:08 of 2nd period - Mike Ribeiro is hit by Kyle Quincey and loses puck.
3:22 of 2nd period - Off-side.
3:23 of 2nd period - John Tavares wins face-off versus Vernon Fiddler in neutral zone.
3:38 of 2nd period - Shot by Cam Fowler.
3:38 of 2nd period - Stopped by Kari Lehtonen without a rebound.
3:39 of 2nd period - Henrik Sedin wins face-off versus Mike Ribeiro in Lightning zone.
4:00 of 2nd period - Shot by Jakob Silfverberg.
4:00 of 2nd period - Stopped by Kari Lehtonen without a rebound.
4:01 of 2nd period - Jeff Carter wins face-off versus Justin Abdelkader in Lightning zone.
4:01 of 2nd period - Jeff Carter is hit by Justin Abdelkader.
4:10 of 2nd period - Icing by Adam Larsson.
4:11 of 2nd period - Jeff Carter wins face-off versus Nick Shore in Canadiens zone.
4:54 of 2nd period - Off-side.
4:55 of 2nd period - Vernon Fiddler wins face-off versus Auston Matthews in neutral zone.
5:00 of 2nd period - Shot by Kyle Quincey.
5:00 of 2nd period - Stopped by Cam Talbot with a rebound.
5:11 of 2nd period - Shot by Kyle Quincey.
5:11 of 2nd period - Stopped by Cam Talbot without a rebound.
5:12 of 2nd period - Henrik Sedin wins face-off versus John Tavares in Canadiens zone.
7:45 of 2nd period - Minor Penalty to Ian Cole for Holding.
7:46 of 2nd period - Nick Shore wins face-off versus Henrik Sedin in Canadiens zone.
7:52 of 2nd period - Icing by Tobias Rieder.
7:53 of 2nd period - Henrik Sedin wins face-off versus Zack Smith in Lightning zone.
8:00 of 2nd period - Shot by Kyle Quincey.
8:00 of 2nd period - Stopped by Cam Talbot without a rebound.
8:01 of 2nd period - Jeff Carter wins face-off versus Nick Shore in Canadiens zone.
8:42 of 2nd period - Shot by Andrej Sekera.
8:42 of 2nd period - Stopped by Cam Talbot without a rebound.
8:43 of 2nd period - Henrik Sedin wins face-off versus Zack Smith in Canadiens zone.
9:06 of 2nd period - Shot by Tobias Rieder.
9:06 of 2nd period - Shot Misses the Net.
9:08 of 2nd period - Shot by Henrik Sedin.
9:08 of 2nd period - Stopped by Cam Talbot without a rebound.
9:09 of 2nd period - Jeff Carter wins face-off versus Zack Smith in Canadiens zone.
9:49 of 2nd period - Icing by Teddy Purcell.
9:50 of 2nd period - Vernon Fiddler wins face-off versus John Tavares in Lightning zone.
10:09 of 2nd period - Vernon Fiddler is hit by Gustav Nyquist and loses puck.
10:20 of 2nd period - Shot by Teuvo Teravainen.
10:20 of 2nd period - Shot Misses the Net.
10:22 of 2nd period - Shot by Gustav Nyquist.
10:22 of 2nd period - Stopped by Kari Lehtonen with a rebound.
11:13 of 2nd period - Shot by Henrik Sedin.
11:13 of 2nd period - Shot Misses the Net.
11:20 of 2nd period - Shot by Tobias Rieder.
11:20 of 2nd period - Deflect By Henrik Zetterberg.
11:20 of 2nd period - Shot Misses the Net.
11:22 of 2nd period - Shot by Kyle Quincey.
11:22 of 2nd period - Shot Misses the Net.
11:24 of 2nd period - Shot by Henrik Zetterberg.
11:24 of 2nd period - Stopped by Cam Talbot with a rebound.
11:26 of 2nd period - Shot by Kyle Quincey.
11:26 of 2nd period - Stopped by Cam Talbot without a rebound.
11:27 of 2nd period - Jeff Carter wins face-off versus Auston Matthews in Canadiens zone.
12:03 of 2nd period - Shot by Jordan Eberle.
12:03 of 2nd period - Shot Blocked by Andrej Sekera.
12:15 of 2nd period - Shot by Zack Smith.
12:15 of 2nd period - Shot Misses the Net.
12:17 of 2nd period - Shot by Nick Shore.
12:17 of 2nd period - Shot Misses the Net.
12:47 of 2nd period - Icing by Trevor Daley.
12:48 of 2nd period - John Tavares wins face-off versus Jeff Carter in Lightning zone.
13:03 of 2nd period - Shot by John Tavares.
13:03 of 2nd period - Shot Blocked by Andrej Sekera.
13:17 of 2nd period - Shot by Teuvo Teravainen.
13:17 of 2nd period - Shot Misses the Net.
13:19 of 2nd period - Shot by John Tavares.
13:19 of 2nd period - Deflect By Teuvo Teravainen.
13:19 of 2nd period - Shot Blocked by Trevor Daley.
13:38 of 2nd period - Icing by Nate Schmidt.
13:39 of 2nd period - Henrik Sedin wins face-off versus Auston Matthews in Canadiens zone.
14:04 of 2nd period - Shot by Henrik Sedin.
14:04 of 2nd period - Stopped by Cam Talbot without a rebound.
14:05 of 2nd period - Vernon Fiddler wins face-off versus Josh Bailey in Canadiens zone.
14:26 of 2nd period - Shot by Justin Bailey.
14:26 of 2nd period - Shot Blocked by Cam Fowler.
14:28 of 2nd period - Shot by Matt Hendricks.
14:28 of 2nd period - Stopped by Cam Talbot without a rebound.
14:29 of 2nd period - Henrik Sedin wins face-off versus John Tavares in Canadiens zone.
14:33 of 2nd period - Henrik Zetterberg is hit by Ian Cole and loses puck.
14:39 of 2nd period - Icing by John Tavares.
14:40 of 2nd period - John Tavares wins face-off versus Henrik Sedin in Canadiens zone.
14:48 of 2nd period - Minor Penalty to Kyle Quincey for Delaying the game.
14:49 of 2nd period - John Tavares wins face-off versus Vernon Fiddler in Lightning zone.
14:56 of 2nd period - Shot by Gustav Nyquist.
14:56 of 2nd period - Shot Misses the Net.
14:58 of 2nd period - Shot by John Tavares.
14:58 of 2nd period - Shot Misses the Net.
15:00 of 2nd period - Shot by Nate Schmidt.
15:00 of 2nd period - Stopped by Kari Lehtonen without a rebound.
15:01 of 2nd period - Vernon Fiddler wins face-off versus Mike Ribeiro in Lightning zone.
16:16 of 2nd period - Shot by Auston Matthews.
16:16 of 2nd period - Stopped by Kari Lehtonen without a rebound.
16:17 of 2nd period - Vernon Fiddler wins face-off versus Gustav Nyquist in Lightning zone.
16:40 of 2nd period - Shot by John Tavares.
16:40 of 2nd period - Shot Misses the Net.
16:42 of 2nd period - Shot by Adam Larsson.
16:42 of 2nd period - Stopped by Kari Lehtonen without a rebound.
16:43 of 2nd period - Mike Ribeiro wins face-off versus Vernon Fiddler in Lightning zone.
17:32 of 2nd period - Shot by Matt Hendricks.
17:32 of 2nd period - Shot Misses the Net.
18:13 of 2nd period - Shot by Mike Ribeiro.
18:13 of 2nd period - Shot Blocked by Trevor Daley.
18:32 of 2nd period - Minor Penalty to Jakob Silfverberg for Hooking.
18:32 of 2nd period - Minor Penalty to Henrik Zetterberg for Tripping.
18:33 of 2nd period - Vernon Fiddler wins face-off versus John Tavares in neutral zone.
18:33 of 2nd period - Jeff Carter is hit by Jordan Eberle and loses puck.
19:13 of 2nd period - Icing by Trevor Daley.
19:14 of 2nd period - Vernon Fiddler wins face-off versus Auston Matthews in Lightning zone.
19:23 of 2nd period - Icing by Ivan Provorov.
19:24 of 2nd period - Auston Matthews wins face-off versus Troy Brouwer in Canadiens zone.
Goals for this period are 0 for Lightning vs 0 for Canadiens.
Shots for this period are 10 for Lightning vs 8 for Canadiens.

3rd period


0:01 of 3rd period - Jordan Eberle wins face-off versus Vernon Fiddler in neutral zone.
0:06 of 3rd period - Shot by Jordan Eberle.
0:06 of 3rd period - Shot Misses the Net.
0:11 of 3rd period - Icing by Trevor Daley.
0:12 of 3rd period - Vernon Fiddler wins face-off versus Gustav Nyquist in Lightning zone.
1:43 of 3rd period - Shot by Johnny Gaudreau.
1:43 of 3rd period - Stopped by Cam Talbot with a rebound.
1:50 of 3rd period - Patric Hornqvist is hit by Ivan Provorov and loses puck.
3:10 of 3rd period - Shot by Nick Shore.
3:10 of 3rd period - Shot Blocked by Kyle Quincey.
3:12 of 3rd period - Shot by Justin Abdelkader.
3:12 of 3rd period - Shot Blocked by Kevin Klein.
3:24 of 3rd period - Shot by Zack Smith.
3:24 of 3rd period - Stopped by Kari Lehtonen without a rebound.
3:25 of 3rd period - Henrik Sedin wins face-off versus Mike Ribeiro in Lightning zone.
3:54 of 3rd period - Josh Bailey is hit by Henrik Zetterberg and loses puck.
5:02 of 3rd period - Erik Gudbranson is hit by John Tavares.
5:18 of 3rd period - Shot by Gustav Nyquist.
5:18 of 3rd period - Goal by Gustav Nyquist - Lightning : 0 - Canadiens : 4.
5:19 of 3rd period - Nick Shore wins face-off versus Vernon Fiddler in neutral zone.
5:54 of 3rd period - Icing by Kevin Klein.
5:55 of 3rd period - Auston Matthews wins face-off versus Vernon Fiddler in Lightning zone.
6:33 of 3rd period - Shot by Jeff Carter.
6:33 of 3rd period - Shot Misses the Net.
6:59 of 3rd period - Shot by John Tavares.
6:59 of 3rd period - Deflect By Teuvo Teravainen.
6:59 of 3rd period - Shot Misses the Net.
7:05 of 3rd period - Shot by John Tavares.
7:05 of 3rd period - Shot Misses the Net.
7:07 of 3rd period - Shot by Teuvo Teravainen.
7:07 of 3rd period - Stopped by Kari Lehtonen without a rebound.
7:08 of 3rd period - Mike Ribeiro wins face-off versus Vernon Fiddler in Lightning zone.
8:08 of 3rd period - Shot by John Tavares.
8:08 of 3rd period - Shot Blocked by Erik Gudbranson.
8:30 of 3rd period - Shot by John Tavares.
8:30 of 3rd period - Stopped by Kari Lehtonen with a rebound.
8:32 of 3rd period - Shot by Teuvo Teravainen.
8:32 of 3rd period - Stopped by Kari Lehtonen without a rebound.
8:33 of 3rd period - Patric Hornqvist wins face-off versus Auston Matthews in Lightning zone.
8:33 of 3rd period - Patric Hornqvist is hit by Jordan Eberle.
8:58 of 3rd period - Jordan Eberle is hit by Trevor Daley and loses puck.
9:09 of 3rd period - Shot by Jakob Silfverberg.
9:09 of 3rd period - Goal by Jakob Silfverberg - Lightning : 0 - Canadiens : 5.
9:10 of 3rd period - Nick Shore wins face-off versus Vernon Fiddler in neutral zone.
9:24 of 3rd period - Minor Penalty to Kevin Klein for Hooking.
9:25 of 3rd period - Vernon Fiddler wins face-off versus John Tavares in Lightning zone.
9:39 of 3rd period - Icing by Auston Matthews.
9:40 of 3rd period - Henrik Sedin wins face-off versus John Tavares in Canadiens zone.
10:28 of 3rd period - Off-side.
10:29 of 3rd period - Vernon Fiddler wins face-off versus Mike Ribeiro in neutral zone.
10:46 of 3rd period - Shot by Jordan Eberle.
10:46 of 3rd period - Stopped by Kari Lehtonen without a rebound.
10:47 of 3rd period - Vernon Fiddler wins face-off versus John Tavares in Lightning zone.
11:10 of 3rd period - Shot by Cam Fowler.
11:10 of 3rd period - Stopped by Kari Lehtonen without a rebound.
11:11 of 3rd period - Mike Ribeiro wins face-off versus Henrik Sedin in Lightning zone.
11:18 of 3rd period - Shot by Jakob Silfverberg.
11:18 of 3rd period - Deflect By Mike Ribeiro.
11:18 of 3rd period - Shot Blocked by Dennis Wideman.
11:35 of 3rd period - Minor Penalty to Brayden McNabb for Hooking.
11:36 of 3rd period - Zack Smith wins face-off versus Jeff Carter in Canadiens zone.
11:36 of 3rd period - Zack Smith is hit by Patric Hornqvist.
12:07 of 3rd period - Shot by Nick Shore.
12:07 of 3rd period - Stopped by Kari Lehtonen without a rebound.
12:08 of 3rd period - Henrik Sedin wins face-off versus Zack Smith in Lightning zone.
13:09 of 3rd period - Cam Fowler is hit by Patric Hornqvist and loses puck.
14:06 of 3rd period - Shot by Troy Brouwer.
14:06 of 3rd period - Shot Blocked by Brayden McNabb.
14:08 of 3rd period - Shot by Dennis Wideman.
14:08 of 3rd period - Stopped by Cam Talbot without a rebound.
14:09 of 3rd period - Henrik Zetterberg wins face-off versus Mike Ribeiro in Canadiens zone.
14:10 of 3rd period - Shot by Henrik Sedin.
14:10 of 3rd period - Shot Misses the Net.
14:30 of 3rd period - Shot by Mike Ribeiro.
14:30 of 3rd period - Shot Misses the Net.
15:17 of 3rd period - Shot by Auston Matthews.
15:17 of 3rd period - Deflect By Jordan Eberle.
15:17 of 3rd period - Stopped by Kari Lehtonen without a rebound.
15:18 of 3rd period - John Tavares wins face-off versus Jeff Carter in Lightning zone.
15:23 of 3rd period - Shot by Gustav Nyquist.
15:23 of 3rd period - Shot Blocked by Kyle Quincey.
15:25 of 3rd period - Shot by Teuvo Teravainen.
15:25 of 3rd period - Stopped by Kari Lehtonen without a rebound.
15:26 of 3rd period - Jeff Carter wins face-off versus John Tavares in Lightning zone.
15:33 of 3rd period - Shot by Johnny Gaudreau.
15:33 of 3rd period - Stopped by Cam Talbot without a rebound.
15:34 of 3rd period - Auston Matthews wins face-off versus Jeff Carter in Canadiens zone.
16:05 of 3rd period - Shot by Johnny Gaudreau.
16:05 of 3rd period - Stopped by Cam Talbot without a rebound.
16:06 of 3rd period - John Tavares wins face-off versus Henrik Sedin in Canadiens zone.
16:24 of 3rd period - Shot by Henrik Zetterberg.
16:24 of 3rd period - Stopped by Cam Talbot without a rebound.
16:25 of 3rd period - Teddy Purcell wins face-off versus Mike Ribeiro in Canadiens zone.
16:28 of 3rd period - Shot by Teddy Purcell.
16:28 of 3rd period - Goal by Teddy Purcell - Lightning : 1 - Canadiens : 5.
16:29 of 3rd period - Vernon Fiddler wins face-off versus Auston Matthews in neutral zone.
16:53 of 3rd period - Jakob Silfverberg is hit by Troy Brouwer and loses puck.
17:28 of 3rd period - Shot by Jeff Carter.
17:28 of 3rd period - Stopped by Cam Talbot with a rebound.
18:15 of 3rd period - Icing by Ian Cole.
18:16 of 3rd period - Vernon Fiddler wins face-off versus John Tavares in Canadiens zone.
18:27 of 3rd period - Shot by Matt Hendricks.
18:27 of 3rd period - Shot Blocked by Ivan Provorov.
18:29 of 3rd period - Shot by Matt Hendricks.
18:29 of 3rd period - Shot Misses the Net.
18:31 of 3rd period - Shot by Matt Hendricks.
18:31 of 3rd period - Stopped by Cam Talbot with a rebound.
18:33 of 3rd period - Shot by Matt Hendricks.
18:33 of 3rd period - Goal by Matt Hendricks - Lightning : 2 - Canadiens : 5.
18:34 of 3rd period - Henrik Sedin wins face-off versus Mike Ribeiro in neutral zone.
18:37 of 3rd period - Shot by Henrik Zetterberg.
18:37 of 3rd period - Stopped by Cam Talbot without a rebound.
18:38 of 3rd period - Jeff Carter wins face-off versus Mike Ribeiro in Canadiens zone.
18:38 of 3rd period - Jeff Carter is hit by Brayden McNabb.
18:46 of 3rd period - Shot by Johnny Gaudreau.
18:46 of 3rd period - Stopped by Cam Talbot with a rebound.
18:49 of 3rd period - Icing by Brayden McNabb.
18:50 of 3rd period - Henrik Sedin wins face-off versus Mike Ribeiro in Canadiens zone.
18:53 of 3rd period - Shot by Henrik Sedin.
18:53 of 3rd period - Stopped by Cam Talbot with a rebound.
19:09 of 3rd period - Shot by Josh Bailey.
19:09 of 3rd period - Shot Misses the Net.
19:15 of 3rd period - Shot by Artturi Lehkonen.
19:15 of 3rd period - Shot Blocked by Andrej Sekera.
19:17 of 3rd period - Shot by Brayden McNabb.
19:17 of 3rd period - Stopped by Kari Lehtonen without a rebound.
19:18 of 3rd period - Jeff Carter wins face-off versus Auston Matthews in Lightning zone.
19:45 of 3rd period - Shot by Jakob Silfverberg.
19:45 of 3rd period - Shot Blocked by Kevin Klein.
19:47 of 3rd period - Shot by Adam Larsson.
19:47 of 3rd period - Stopped by Kari Lehtonen without a rebound.
19:48 of 3rd period - John Tavares wins face-off versus Vernon Fiddler in Lightning zone.
19:48 of 3rd period - John Tavares is hit by Trevor Daley.
Goals for this period are 2 for Lightning vs 2 for Canadiens.
Shots for this period are 12 for Lightning vs 13 for Canadiens.